 Dungeon Crawl Stone Soup version 0.23.2-1-ga50397a6bc (webtiles) character file.

Game seed: 15517034674757966206

156 Mrkan the Shooter (level 5, -1/45 HPs)
             Began as a Centaur Hunter on May 25, 2019.
             Slain by Sigmund
             ... wielding a +0 scythe
              (7 damage)
             ... on level 3 of the Dungeon.
             The game lasted 00:07:33 (2906 turns).

Mrkan the Shooter (Centaur Hunter)                  Turns: 2906, Time: 00:07:33

Health: -1/45      AC:  4    Str: 15    XL:     5   Next: 15%
Magic:  5/5        EV:  9    Int: 10    God:
Gold:   183        SH:  0    Dex: 10    Spells: 4/4 levels left

rFire    . . .     SeeInvis .   b - +0 short sword
rCold    . . .     Gourm    .   (no shield)
rNeg     . . .     Faith    .   c - +0 leather armour
rPois    .         Spirit   .   (no helmet)
rElec    .         Reflect  .   (no cloak)
rCorr    .         Harm     .   (no gloves)
MR       .....                  (no barding)
Stlth    +.........             (no amulet)
HPRegen  0.15/turn              (no ring)
MPRegen  0.09/turn              (no ring)

@: very quick
A: large, hooves 3, deformed body, speed 2, tough skin 3
a: no special abilities


You were on level 3 of the Dungeon.
You were not hungry.

You visited 1 branch of the dungeon, and saw 3 of its levels.

You collected 183 gold pieces.

Inventory:

Hand Weapons
 a - a +1 shortbow
 b - a +0 short sword (weapon)
Missiles
 d - 49 arrows
Armour
 c - a +0 leather armour (worn)
 q - a +1 pair of gloves
Jewellery
 h - a cursed amulet of faith {unknown}
 u - a +2 ring of dexterity
 v - an uncursed amulet of the gourmand {unknown}
Wands
 s - a wand of flame (15)
Scrolls
 e - 6 scrolls of identify {unknown}
 g - a scroll of immolation {unknown}
 i - 2 scrolls of magic mapping {unknown}
 j - a scroll of remove curse {unknown}
 m - a scroll of random uselessness {unknown}
 t - a scroll of amnesia {unknown}
Potions
 k - a potion of magic {unknown}
 l - a potion of might {unknown}
 n - 2 potions of brilliance {unknown}
 o - a potion of flight {unknown}
 p - 2 potions of haste {unknown}
Comestibles
 f - 5 rations
 r - 6 chunks of flesh


   Skills:
 + Level 3.4 Fighting
 * Level 7.7 Bows
 - Level 1.3 Dodging
 - Level 0.4 Stealth


You had 4 spell levels left.
You didn't know any spells.
Your spell library was empty.

Dungeon Overview and Level Annotations

Branches:
Dungeon (3/15)

Altars:

Annotations:
D:3 Sigmund


Innate Abilities, Weirdness & Mutations

You have hooves in place of feet.
Armour fits poorly on your strangely shaped body.
You cover ground very quickly.
You have extremely tough skin. (AC +3)


Message History

You hit the orc but do no damage. You kick the orc.
The orc is severely wounded.
Something hits you but does no damage. The orc closely misses you.
You closely miss the orc.
The orc is severely wounded.
The orc misses you. Something hits you!
* * * LOW HITPOINT WARNING * * *
You hit the orc but do no damage.
The orc is severely wounded.
The orc closely misses you. Something hits you but does no damage.
You hit the orc but do no damage. Your kick misses the orc.
The orc is severely wounded.
The orc hits you with a +0 club.
* * * LOW HITPOINT WARNING * * *
You closely miss the orc.
The orc is severely wounded.
The orc hits you with a +0 club.
* * * LOW HITPOINT WARNING * * *
Something hits you!
You die...

#....o.@...# #.......o..#
#......oo..#
####.....o....#
..............#
......h........
........#######
........################
..........)oooĆ·o@......#
###+##################.#
#.# #########.#
#.......#.# #.......#.#
#.......'.# #.......###
#.......#


You could see 4 orcs.

Vanquished Creatures
  4 gnolls (D:3)
  2 adders
  4 worms
  2 dart slugs
  2 leopard geckos
  3 orcs (D:3)
  8 bats
  2 giant cockroaches
  7 goblins
  8 hobgoblins
  13 jackals
  5 kobolds
  4 quokkas
  3 frilled lizards
  9 rats
76 creatures vanquished.

Notes
Turn   | Place    | Note
-------+----------+-------------------------------------------
     0 | D:1      | Mrkan the Centaur Hunter began the quest for the Orb.
     0 | D:1      | Reached XP level 1. HP: 17/17 MP: 1/1
    81 | D:1      | Reached XP level 2. HP: 3/24 MP: 2/2
   319 | D:1      | Reached skill level 6 in Bows
   726 | D:1      | Reached XP level 3. HP: 19/30 MP: 3/3
  1944 | D:2      | Reached XP level 4. HP: 29/37 MP: 4/4
  2308 | D:3      | Reached skill level 7 in Bows
  2789 | D:3      | Reached XP level 5. HP: 37/45 MP: 5/5
  2869 | D:3      | Noticed Sigmund
  2906 | D:3      | Slain by Sigmund

Skill      XL: |  1  2  3  4 |
---------------+-------------+-----
Bows           | 6 7 |  7.7
Fighting       | 3 |  3.4
Dodging        | |  1.3
Stealth        | |  0.4

Action                   |  1- 3 |  4- 6 || total
-------------------------+-------+-------++-------
Melee: Short sword       |   156 |   111 ||   267
       Kick              |    28 |    24 ||    52
 Fire: Shortbow          |     9 |    42 ||    51
  Eat: Chunk             |     2 |     3 ||     5
Armor: Leather armour    |    65 |    47 ||   112
Dodge: Dodged            |    99 |    66 ||   165
